AoeStats
← Fefo

Nomad

508980566Analyzed
4v4 RM · 8d ago on Sep 24, 2026· 26m 41s· 8 players
Game mode
Random Map
Map size
231×231
Population
200
Speed
Normal
Resources
Standard
Victory
Conquest
Starting age
Dark Age
Ending age
Imperial Age
RankedLock teamsTeams togetherTeam positionsShared explorationLock speedFull tech treeHidden civsTurbo modeCheats
Victory
Defeat
🇪🇸 Spanish · Spain
1018
+17
🇨🇱 Franks · Chile
1016
+17
🇲🇽 Saxons · Mexico
979
+18
🇨🇦 Varangians · Canada
979
+18
🇦🇷 Spanish · Argentina
1098
-21
🇦🇷 Varangians · Argentina
1074
-19
🇦🇷 Magyars · Argentina
1054
-18
🇦🇷 Burgundians · Argentina
890
-12
SgtSpookjohnson
3:40 Loom
19:49 Feudal Age
22:10 Stone Mining
24:50 Castle Age
24:34 Fletching
Dragón del Oeste
12:33 Loom
15:32 Feudal Age
15:37 Man-at-Arms
17:26 Arson
27:13 Castle Age
26:33 Stone Mining
EoLo
16:51 Feudal Age
17:41 Double-Bit Axe
18:46 Fishing Lines
22:11 Horse Collar
23:42 Forging
24:02 Loom
24:53 Wheelbarrow
25:55 Fletching
28:51 Castle Age
27:06 Stone Mining
danieleduka
6:58 Loom
15:41 Feudal Age
21:23 Castle Age
PEPO
5:21 Loom
13:50 Feudal Age
14:21 Double-Bit Axe
19:28 Fletching
20:11 Fishing Lines
24:06 Castle Age
22:33 Horse Collar
25:02 Medium Warships
24:53 Stone Mining
25:15 Bow Saw
Fefo
6:52 Loom
18:44 Feudal Age
20:02 Town Watch
20:11 Double-Bit Axe
22:25 Wheelbarrow
bicente
4:54 Loom
14:38 Feudal Age
15:31 Double-Bit Axe
16:03 Fletching
20:09 Scale Barding Armor
Tuxilion
4:57 Loom
15:47 Feudal Age
17:24 Man-at-Arms
Connection lost

Rejoining the realm…

Still unreachable

The connection could not be restored.

Session expired

The server has moved on; the page needs a fresh start.